 Dungeon Crawl Stone Soup version 0.26-a0-1033-gd598b01645 (webtiles) character file.

Game seed: 12533031660314110599

133 Baldric the Slasher (level 5, -2/36 HPs)
             Began as a Human Berserker on Dec 10, 2020.
             Was an Initiate of Hepliaklqana.
             Slain by a polar bear (12 damage)
             ... created by the rage of Trog
             ... on level 2 of the Dungeon.
             The game lasted 00:12:00 (1541 turns).

Baldric the Slasher (Human Berserker)               Turns: 1541, Time: 00:12:00

Health: -2/36      AC: 11    Str: 18    XL:     5   Next: 40%
Magic:  14/14      EV:  8    Int:  8    God:    Hepliaklqana [......]
Gold:   68         SH:  0    Dex: 12    Spells: 4/4 levels left

rFire    . . .     SeeInvis .   p - +0 whip
rCold    . . .     Faith    .   (no shield)
rNeg     . . .     Spirit   .   i - +0 chain mail
rPois    .         Reflect  .   r - +2 helmet
rElec    .         Harm     .   (no cloak)
rCorr    .         Rampage  .   (no gloves)
Will     .....                  (no boots)
Stlth    ..........             (no amulet)
HPRegen  0.12/turn              g - ring of magical power
MPRegen  0.14/turn              k - ring of flight

@: no status effects
A: reduced essence
a: Recall Ancestor, Ancestor Identity, Renounce Religion, Evoke Flight


You were on level 2 of the Dungeon.
You worshipped Hepliaklqana.
Hepliaklqana was noncommittal.
You visited 1 branch of the dungeon, and saw 2 of its levels.

You collected 68 gold pieces.

Inventory:

Hand Weapons
 a - a +0 falchion
 d - a +0 hunting sling
 p - a +0 whip (weapon)
Armour
 b - a +0 animal skin
 e - a +0 ring mail
 i - a +0 chain mail (worn)
 m - a +0 ring mail
 q - a +0 animal skin
 r - a +2 helmet (worn)
Jewellery
 g - a ring of magical power (left hand)
 k - a ring of flight (right hand)
Scrolls
 f - 2 scrolls of enchant weapon {unknown}
 h - 2 scrolls of teleportation {unknown}
 j - a scroll of remove curse {unknown}
 l - 3 scrolls of identify {unknown}
 n - a scroll of fog {unknown}
Potions
 c - a potion of heal wounds {unknown}
 o - a potion of curing {unknown}


   Skills:
 + Level 3.4 Fighting
 + Level 4.6 Long Blades
 + Level 2.3 Armour
 + Level 2.9 Dodging
 + Level 0.1 Stealth


You had 4 spell levels left.
You didn't know any spells.
Your spell library was empty.

Dungeon Overview and Level Annotations

Branches:
Dungeon (2/15)

Altars:
Gozag
Hepliaklqana


Message History

The polar bear claws Sanele.
The black bear barely misses you. The black bear claws you.
The black bear claws you but does no damage.
You barely miss the black bear.
The black bear is lightly wounded.
The polar bear bites Sanele!!
Sanele is destroyed!
You hear a shout!
You hit the polar bear.
The polar bear is lightly wounded.
The polar bear barely misses you. The polar bear claws you. x2
The polar bear closely misses you.
The polar bear claws you but does no damage. x2
The polar bear bites you! The polar bear barely misses you.
The polar bear claws you but does no damage.
You barely miss the polar bear. The polar bear bites you!
* * * LOW HITPOINT WARNING * * *
The polar bear claws you but does no damage. x2
The polar bear bites you!
You die...

#..<......# #
.......#####.# #
.###... #.# # ##.# #.#
# #.# #.# # #.# #.# #
#.# ####.# #
#.########.###.†..# #
#....hh@h...##.#### #
#.########..##.# #
##..##.# ##
#.####...##.# ###.
#......>.##.# #... ###
......(...#.######.#.
. ...
#..##.##..#.##.......
. #.#
#####.#.#..#.##.###.#.
# #.#
###8##.###........#
#...


You could see 2 polar bears and a black bear (berserk).

Vanquished Creatures
  Robin (D:2)
  5 adders (D:2)
  An ooze (D:2)
  3 leopard geckos
  4 giant cockroaches
  9 goblins
  8 hobgoblins
  2 kobolds
  A quokka (D:2)
  A ball python (D:2)
  10 bats
  2 frilled lizards (D:1)
  4 rats
51 creatures vanquished.

Vanquished Creatures (collateral kills)
  An ooze (D:2)
  A worm (D:2)
  A bat (D:2)
  A giant cockroach (D:2)
  8 goblins (D:2)
12 creatures vanquished.

Vanquished Creatures (others)
  An ancestor (D:2)
1 creature vanquished.

Grand Total: 64 creatures vanquished

Notes
Turn   | Place    | Note
-------+----------+-------------------------------------------
     0 | D:1      | Baldric the Human Berserker began the quest for the Orb.
     0 | D:1      | Reached XP level 1. HP: 18/18 MP: 1/1
   131 | D:1      | Reached XP level 2. HP: 22/24 MP: 2/2
   363 | D:1      | Reached XP level 3. HP: 29/29 MP: 3/3
   368 | D:1      | Reached ** piety under Trog
   984 | D:2      | Found an opulent altar of Gozag.
   984 | D:2      | Found a hazy altar of Hepliaklqana.
   995 | D:2      | Fell from the grace of Trog
   995 | D:2      | Became a worshipper of Hepliaklqana the Forgotten
  1018 | D:2      | Reached XP level 4. HP: 31/31 MP: 4/4
  1024 | D:2      | Reached skill level 4 in Long Blades
  1285 | D:2      | Noticed Robin
  1292 | D:2      | Reached XP level 5. HP: 36/36 MP: 5/5
  1338 | D:2      | Killed Robin
  1537 | D:2      | Noticed a polar bear
  1537 | D:2      | Noticed a polar bear
  1537 | D:2      | Noticed a black bear
  1541 | D:2      | Slain by a polar bear

Illustrated notes

Levels and vault maps discovered:
D:1:      minmay_arrival_open_corners, layout_loops_ring, amethyst_killhole
D:2:      layout_loops_ring, gammafunk_temple_overflow_wave,
          cheibriados_altar_1, uniq_crazy_yiuf_cottage, uniq_robin

Skill      XL: |  1  2  3  4 |
---------------+-------------+-----
Long Blades    | 4 |  4.6
Fighting       | |  3.4
Armour         | |  2.3
Dodging        | |  2.9
Stealth        | |  0.1

Action                   |  1- 3 |  4- 6 || total
-------------------------+-------+-------++-------
Melee: Falchion          |    90 |    32 ||   122
       Whip              |       |     8 ||     8
 Stab: Distracted        |       |     1 ||     1
Armor: Animal skin       |    10 |       ||    10
       Ring mail         |    11 |    15 ||    26
       Chain mail        |    49 |    12 ||    61
Dodge: Dodged            |    82 |    39 ||   121
       Rpst.: Falchion   |    29 |    12 ||    41

Table legend: (Time is in decaauts)
 A = Elapsed time spent in this place.
 B = Non-inter-level travel time spent in this place.
 C = Inter-level travel time spent in this place.
 D = Time resting spent in this place.
 E = Time spent auto-exploring this place.
 F = Levels seen in this place.
 G = Mean time per level.
                   A        B        C        D        E       F      G
               +--------+--------+--------+--------+--------+-----+--------+
         Total |   1554 |   1550 |      4 |      0 |      0 |   2 |  777.0 |
       Dungeon |   1554 |   1550 |      4 |      0 |      0 |   2 |  777.0 |
               +--------+--------+--------+--------+--------+-----+--------+

Top non-repeatable levels by time:
     D:1: 877 daAuts
     D:2: 676 daAuts
